 Dungeon Crawl Stone Soup version 0.29.1-12-g30fa7ad0bf (webtiles) character file.

Game seed: 2489373148630221350

170 Sanktem7 the Trooper (level 5, -1/48 HPs)
             Began as a Minotaur Fighter on Jan 7, 2023.
             Splashed by a jelly's acid (7 damage)
             ... on level 4 of the Dungeon.
             The game lasted 00:03:46 (2687 turns).

Sanktem7 the Trooper (Minotaur Fighter)             Turns: 2687, Time: 00:03:47

Health: -1/48      AC:  2    Str: 23    XL:     5   Next: 25%
Magic:  4/4        EV:  7    Int:  5    God:
Gold:   288        SH:  4    Dex:  9    Spells: 4/4 levels left

rFire   + . .      SeeInvis .   a - +0 war axe {axe}
rCold   . . .      Faith    .   c - +0 buckler
rNeg    . . .      Spirit   .   i - +0 chain mail
rPois   .          Reflect  .   (helmet restricted)
rElec   .          Harm     .   (no cloak)
rCorr   .          Rampage  .   (no gloves)
Will    .....                   l - +0 pair of boots
Stlth   ..........              (no amulet)
HPRegen 0.16/turn               q - ring of protection from fire
MPRegen 0.09/turn               (no ring)

@: corroded
A: horns 2, retaliatory headbutt
a: no special abilities


You were on level 4 of the Dungeon.
You visited 1 branch of the dungeon, and saw 4 of its levels.

You collected 288 gold pieces.


Innate Abilities, Weirdness & Mutations

You have a pair of horns on your head.
You reflexively headbutt those who attack you in melee.


   Skills:
 * Level 5.3 Fighting
 * Level 4.6 Axes
 + Level 4.5 Armour
 - Level 3.6 Shields


You had 4 spell levels left.
You didn't know any spells.
Your spell library contained the following spells:

 Spells                   Type           Power      Damage    Failure   Level
 Ensorcelled Hibernation  Hex/Ice        0%         N/A       100%        2
 Gell's Gravitas          Tloc           0%         N/A       100%        3
 Inner Flame              Hex/Fire       0%         N/A       100%        3
 Lesser Beckoning         Tloc           0%         N/A       100%        3
 Spider Form              Tmut/Pois      0%         N/A       100%        3
 Teleport Other           Tloc           0%         N/A       100%        3
 Anguish                  Hex/Necr       0%         N/A       100%        4
 Cause Fear               Hex            0%         N/A       100%        4
 Discord                  Hex            0%         N/A       100%        8

Inventory:

Hand Weapons
 a - a +0 war axe (weapon) {axe}
Missiles
 o - 6 poisoned darts (quivered) {throwing}
Armour
 c - a +0 buckler (worn)
 i - a +0 chain mail (worn)
   (You found it on level 1 of the Dungeon)
 l - a +0 pair of boots (worn)
   (You found it on level 1 of the Dungeon)
Jewellery
 h - a ring of positive energy
   (You found it on level 4 of the Dungeon)
 q - a ring of protection from fire (left hand)
   (You found it on level 2 of the Dungeon)
Wands
 v - a wand of flame (19)
   (You found it on level 3 of the Dungeon)
Scrolls
 f - a scroll of fog {unknown}
 g - 2 scrolls of teleportation {unknown}
 j - 3 scrolls of identify {unknown}
 n - a scroll of poison {unknown}
 p - a scroll of brand weapon {unknown}
Potions
 b - a potion of ambrosia {unknown}
 d - 2 potions of might
 e - 2 potions of cancellation {unknown}
 m - a potion of brilliance {unknown}
 r - a potion of curing {unknown}
 s - a potion of attraction {unknown}
 u - 2 potions of mutation {unknown}

Dungeon Overview and Level Annotations

Branches:
Dungeon (4/15) Zot: 21261
 Temple: D:4-7

Altars:
Ashenzari
Vehumet

Shops:
D:3

: .#.### ## .$..#>. ..#
...... ..#.# #...##
#.##.. #.(.##....:.###
#. #.......# ...# .
##..##.....## ##..# ..
#...........####...#
#..
..#.##@)##†..##..###...
#oJ##.#..#...#...#
#......#.#.........#.
##..#....#......##.#.
#...................
...#.#.####...#......
..###.#.. ##..#......
.###...##.. ....##...#.
.. .......####...


You could see a jelly and an orc priest.


Message History

No target in view!
No target in view!
No target in view!
No target in view!
No target in view!
No target in view!
No target in view!
There is a stone staircase leading up here.
Key pressed, stopping explore.
You now have 277 gold pieces (gained 8).
You pick up a book of Dreams and begin reading...
You add the spells Ensorcelled Hibernation, Spider Form and Anguish to your library.
You now have 288 gold pieces (gained 11).
An adder comes into view.
An adder is nearby!
You slash the adder!
You kill the adder!
You have reached level 5! 😎 HP[+6] MP[+1]
You now have 48 max hp (+6).
Your hp is fully restored (48).
Your mp is fully restored (4).
You see here an adder corpse.
An orc wizard comes into view. It is wielding a +0 dagger.
Found a book of Burglary.
Found a stone staircase leading down.
The orc wizard shouts!
You hear a shout!
The orc wizard casts a spell at you.
The magic dart hits you but does no damage.
An orc comes into view. It is wielding a +0 flail.
You hear a shout!
There are monsters nearby!
An orc priest comes into view. It is wielding a +0 whip.
An orc comes into view. It is wielding a +0 whip.
The orc shouts!
The orc priest begins to cast a cantrip, but forgets the words!
The orc wizard points at you and mumbles some strange words.
You are confused.
You're too confused to move!
The orc wizard hits you but does no damage.
The orc hits you but does no damage.
A jelly comes into view.
You barely miss the orc wizard.
The jelly quivers.
You hit the orc. The orc hits you but does no damage.
The orc barely misses you.
The orc wizard hits you but does no damage.
You bump into the rock wall.
The orc priest closely misses you.
The orc wizard hits you with a +0 dagger.
The orc barely misses you. 😕 HP[-4]
You take 4 damage, and now have 44/48 hp.
You barely miss the orc priest. Your headbutt misses the orc priest.
You closely miss the orc wizard. You slash the orc!
You kill the orc!
You feel less confused. The orc priest hits you with a +0 whip.
The orc wizard hits you but does no damage. 😕 HP[-3]
You take 3 damage, and now have 41/48 hp.
Unknown command.
You hit the orc priest. You headbutt the orc priest. You barely miss the orc.
You slash the orc wizard! The orc priest hits you with a +0 whip.
The orc closely misses you.
The orc wizard hits you but does no damage. 😕 HP[-3]
You take 3 damage, and now have 38/48 hp.
You closely miss the orc priest. You hit the orc wizard. You hit the orc.
The orc priest hits you but does no damage.
The orc wizard barely misses you. You block the orc's attack.
The orc hits you but does no damage. The orc priest hits you with a +0 whip.
The orc wizard closely misses you. You furiously retaliate!
You headbutt the orc wizard!
You kill the orc wizard! 😮 HP[-2]
You take 2 damage, and now have 36/48 hp.
You hit the orc priest but do no damage.
You hit the orc.
You kill the orc!
The orc priest mumbles some strange prayers to Beogh against you.
Beogh smites you!
* * * LOW HITPOINT WARNING * * *
😨 HP[-14]
You take 14 damage, and now have 22/48 hp.
MASSIVE DAMAGE!! (PAUSE)
You barely miss the orc priest. You slash the jelly!
Your hands burn!
* * * LOW HITPOINT WARNING * * *
The jelly hits you.
* * * LOW HITPOINT WARNING * * *
The acid corrodes you!
You are splashed with acid!
* * * LOW HITPOINT WARNING * * *
The orc priest miscasts a cantrip.
The orc priest hits you but does no damage.
The jelly hits you but does no damage. 😱 HP[-15]
You take 15 damage, and now have 7/48 hp.
MASSIVE DAMAGE!! (PAUSE)
You hit the orc priest but do no damage.
You completely miss the jelly. The jelly hits you.
* * * LOW HITPOINT WARNING * * *
The acid corrodes you!
You are splashed with acid!
You die...

Skill      XL: |  1  2  3  4 |
---------------+-------------+-----
Fighting       | 4 5 |  5.3
Axes           | 3 4 |  4.6
Armour         | 4 |  4.5
Shields        | |  3.6

Action                   |  1- 3 |  4- 6 || total
-------------------------+-------+-------++-------
Melee: War axe           |    64 |    77 ||   141
       Headbutt          |     6 |    10 ||    16
Armor: Scale mail        |    17 |       ||    17
       Chain mail        |    17 |    54 ||    71
Dodge: Dodged            |    20 |    30 ||    50
Block: Buckler           |     8 |    20 ||    28

Levels and vault maps discovered:
D:1:      lightli_arrival_boilingwater, layout_loops_cross,
          shapermc_ecumenical_altar_petra
D:2:      layout_loops_corners, basic_altar
D:3:      layout_loops_ring, marbit_many_paths, mainiacjoe_overflow_catwalk,
          serial_shops, shop
D:4:      layout_cave_pools, minmay_temple_entry_slanted

Notes
Turn   | Place    | Note
-------+----------+-------------------------------------------
     0 | D:1      | Sanktem7 the Minotaur Fighter began the quest for the Orb.
     0 | D:1      | Reached XP level 1. HP: 19/19 MP: 0/0
     0 | D:1      | magus.rc [v1.9.6]
    10 | D:1      | You pick up a book of Displacement and begin reading...
    10 | D:1      | You add the spells Lesser Beckoning, Gell's Gravitas and
                  | Teleport Other to your library.
   180 | D:1      | Reached XP level 2. HP: 27/27 MP: 1/1
   213 | D:1      | Reached skill level 4 in Fighting
   294 | D:1      | Reached skill level 3 in Axes
   770 | D:1      | Reached skill level 4 in Armour
   774 | D:1      | Reached XP level 3. HP: 32/33 MP: 2/2
   815 | D:1      | Found a faded altar of an unknown god.
  1145 | D:2      | Reached XP level 4. HP: 41/41 MP: 3/3
  1229 | D:2      | Reached skill level 4 in Axes
  1406 | D:2      | Found a radiant altar of Vehumet.
  1996 | D:3      | You pick up a book of Hexes and begin reading...
  1996 | D:3      | You add the spells Inner Flame, Cause Fear and Discord to
                  | your library.
  2080 | D:3      | Reached skill level 5 in Fighting
  2153 | D:3      | Found a broken altar of Ashenzari.
  2307 | D:3      | Found Zaorempi's Book Shoppe.
  2393 | D:3      | Found a radiant altar of Vehumet.
  2660 | D:4      | You pick up a book of Dreams and begin reading...
  2660 | D:4      | You add the spells Ensorcelled Hibernation, Spider Form and
                  | Anguish to your library.
  2671 | D:4      | Reached XP level 5. HP: 48/48 MP: 4/4
  2686 | D:4      | HP: 7/48 [acid (10)]
  2687 | D:4      | Splashed by a jelly's acid

Vanquished Creatures
  An orc wizard (D:4)
  3 gnolls (D:2)
  4 adders
  A worm (D:3)
  5 dart slugs
  4 orcs
  5 endoplasms
  3 giant cockroaches
  3 goblins
  3 hobgoblins
  7 kobolds
  8 quokkas
  8 ball pythons
  4 bats
  2 frilled lizards
  5 rats
66 creatures vanquished.

Table legend:
 A = Non-vault XP
 B = Vault XP
 C = Vault XP percentage of total XP
 D = Non-vault monster count
 E = Vault monster count
 F = Vault count percentage of total count
                 A         B        C        D         E       F
            +---------+---------+-------+---------+---------+-------
      Total |     240 |       3 |   1.2 |      65 |       1 |   1.5
            +---------+---------+-------+---------+---------+-------
        D:1 |      53 |       0 |   0.0 |      26 |       0 |   0.0
        D:2 |      84 |       0 |   0.0 |      17 |       0 |   0.0
        D:3 |      38 |       3 |   7.3 |      12 |       1 |   7.7
        D:4 |      65 |       0 |   0.0 |      10 |       0 |   0.0
            +---------+---------+-------+---------+---------+-------

Illustrated notes

Table legend:
 A = Kills in this place as a percentage of kills in entire the game.
 B = Kills by you in this place as a percentage of kills by you in the entire game.
 C = Kills by friends in this place as a percentage of kills by friends in the entire game.
 D = Other kills in this place as a percentage of other kills in the entire game.
 E = Experience gained in this place as a percentage of experience gained in the entire game.
 F = Experience gained in this place divided by the number of levels of this place that you have seen.
                   A       B       C       D       E      F
               +-------+-------+-------+-------+-------+----------------------
         Total | 100.0 | 100.0 |   N/A |   N/A | 100.0 |  60.8
       Dungeon | 100.0 | 100.0 |   N/A |   N/A | 100.0 |  60.8
               +-------+-------+-------+-------+-------+----------------------

Table legend: (Time is in decaauts)
 A = Elapsed time spent in this place.
 B = Non-inter-level travel time spent in this place.
 C = Inter-level travel time spent in this place.
 D = Time resting spent in this place.
 E = Time spent auto-exploring this place.
 F = Levels seen in this place.
 G = Mean time per level.
                   A        B        C        D        E       F      G
               +--------+--------+--------+--------+--------+-----+--------+
         Total |   2737 |   2696 |     41 |      0 |   2279 |   4 |  684.2 |
       Dungeon |   2737 |   2696 |     41 |      0 |   2279 |   4 |  684.2 |
               +--------+--------+--------+--------+--------+-----+--------+

Top non-repeatable levels by time:
     D:1: 1053 daAuts
     D:2: 907 daAuts
     D:3: 555 daAuts
     D:4: 220 daAuts
